[Event "Early-Titled-Tuesday-Blitz-April-16-2024"]
[Site "Chess.com"]
[Date "2024.04.16"]
[Round "4"]
[White "ATM622"]
[Black "ChEsper99"]
[Result "1-0"]
[WhiteElo "2464"]
[BlackElo "2204"]
[TimeControl "180+1"]
[EndTime "8:38:24 PDT"]
[Termination "ATM622 won by resignation"]

1. d4 Nf6 2. c4 g6 3. g3 Bg7 4.
Bg2 O-O 5. Nf3 c6 6. O-O d5 7.
b3 Bf5 8. Bb2 a5 9. Nc3 Ne4 10.
Rc1 Nxc3 11. Bxc3 Be4 12. Qd2 a4 13. Ne5 Bxg2 14. Kxg2 Nd7 15. Rfd1 Nxe5 16. dxe5 dxc4 17. bxc4 e6 18. Bb4 Qxd2 19. Rxd2 Rfd8 20. Rxd8+ Rxd8 21. Bd6 Bf8 22. c5 f6 23. f4 fxe5 24. fxe5 Ra8 25.
Rb1 Ra7 26. Rb6 Kf7 27. Bb8 Ra5 28. Rxb7+ Kg8 29. Bd6 Bxd6 30. exd6 Kf8 31. Rb8+ 1-0

[Event "Early-Titled-Tuesday-Blitz-April-16-2024"]
[Site "Chess.com"]
[Date "2024.04.16"]
[Round "4"]
[White "jinxy2009"]
[Black "alpope"]
[Result "0-1"]
[WhiteElo "2319"]
[BlackElo "2519"]
[TimeControl "180+1"]
[EndTime "8:38:26 PDT"]
[Termination "alpope won by resignation"]

1. e4 g6 2. d4 Bg7 3. Nc3 d6 4. f4 a6 5. Nf3 Nd7 6. Bd3 b5 7. e5 Nb6 8. O-O Nh6 9. Ne4 O-O 10. c3 Bb7 11. Qe1 Rc8 12. Bd2 c5 13. Rd1 cxd4 14.
cxd4 Nc4 15. Bc1 dxe5 16. fxe5 Nf5 17. b3 Nb6 18. Nc5 Ba8 19. Bxf5 gxf5 20. Qg3 Kh8 21. Qh3 Bxf3 22. Rxf3 Rxc5 23. Qxf5 Rxc1 24. Rxc1 Qxd4+ 25. Kh1 Qxe5 26. Qd3 Qd4 27. Qf5 e6 28. Qh5 Qd5 29. Qh4 e5 30. Rh3 h6 31. Rf1 e4 32. Qf4 Qe6 33. Re1 f5 34. Rd1 Nd5 35. Rxd5 Qxd5 36. Rxh6+ Kg8 0-1

[Event "Early-Titled-Tuesday-Blitz-April-16-2024"]
[Site "Chess.com"]
[Date "2024.04.16"]
[Round "4"]
[White "Larina_Maria"]
[Black "yuriydovzik"]
[Result "0-1"]
[WhiteElo "2318"]
[BlackElo "2146"]
[TimeControl "180+1"]
[EndTime "8:38:27 PDT"]
[Termination "yuriydovzik won by checkmate"]

1. e4 c6 2. d4 Na6 3. Bxa6 Qa5+ 4. Nc3 Qxa6 5. Nge2 e6 6. O-O d5 7. e5 b6 8. Re1 c5 9. Be3 Bd7 10. a4 Rc8 11. f4 Ne7 12. Kh1 Nf5 13. Bg1 h5 14.
Qd2 h4 15. Bf2 Be7 16. Nb5 Bxb5 17. axb5 Qxb5 18. Rxa7 Qxb2 19. dxc5 Bxc5 20. Bxc5 bxc5 21. Rea1 O-O 22. R7a2 Qb4 23. c3 Qe4 24. Ra4 Qe3 25. Qxe3 Nxe3 26. Kg1 Rb8 27. Kf2 Ng4+ 28. Kg1 Rb2 29.
R4a2 Rfb8 30. h3 Rxa2 31. Rxa2 Rb1+ 32. Nc1 Rxc1# 0-1

[Event "Early-Titled-Tuesday-Blitz-April-16-2024"]
[Site "Chess.com"]
[Date "2024.04.16"]
[Round "4"]
[White "Dixit_Nikhil"]
[Black "Louis-Paulsen-Fan"]
[Result "1-0"]
[WhiteElo "2596"]
[BlackElo "2363"]
[TimeControl "180+1"]
[EndTime "8:38:31 PDT"]
[Termination "Dixit_Nikhil won by checkmate"]

1. e4 Nf6 2. e5 Nd5 3. Nc3 Nxc3 4. bxc3 d6 5. Qe2 Nc6 6. Nf3 g6 7. h4 Bg4 8. Qe4 Bf5 9. Qa4 Bg7 10. h5 dxe5 11. Ba3 Qd5 12. Bc4 Qe4+ 13. Kf1 Qxc2 14.
Bb3 Qd3+ 15. Kg1 O-O-O 16. h6 Bf6 17. Bc4 Qc2 18. Qb5 a6 19. Qc5 e4 20. Bxa6 exf3 21.
Qxc6 bxa6 22. Qa8+ Kd7 23. Qd5+ Ke8 24. Qc6+ Kf8 25.
Qxf6 Kg8 26. Qg7# 1-0

[Event "Early-Titled-Tuesday-Blitz-April-16-2024"]
[Site "Chess.com"]
[Date "2024.04.16"]
[Round "4"]
[White "mishanick"]
[Black "kachsona"]
[Result "1-0"]
[WhiteElo "3055"]
[BlackElo "2611"]
[TimeControl "180+1"]
[EndTime "8:38:33 PDT"]
[Termination "mishanick won on time"]

1. d4 d5 2. c4 e6 3. Nc3 Nf6 4. Bg5 Be7 5. e3 h6 6. Bh4 O-O 7. Qc2 Nbd7 8. cxd5 exd5 9. Bd3 c5 10. dxc5 Nxc5 11. Nf3 Nxd3+ 12. Qxd3 Bg4 13. Nd4 Rc8 14. O-O Qa5 15. h3 Be6 16. Rfd1 Rfd8 17. a3 a6 18. Rac1 b5 19. Nce2 Qb6 20. Nf4 Rc4 21. b3 Rcc8 22.
Ndxe6 fxe6 23. Qg6 Rxc1 24. Rxc1 Qd6 25. b4 e5 26. Nd3 Qe6 27. Rc7 Re8 28. Bxf6 Bxf6 29. Nc5 1-0

[Event "Early-Titled-Tuesday-Blitz-April-16-2024"]
[Site "Chess.com"]
[Date "2024.04.16"]
[Round "4"]
[White "Let_it_be_1"]
[Black "a-z30"]
[Result "1-0"]
[WhiteElo "2594"]
[BlackElo "2389"]
[TimeControl "180+1"]
[EndTime "8:38:33 PDT"]
[Termination "Let_it_be_1 won on time"]

1. e4 d6 2. d4 Nf6 3. Nc3 g6 4. f4 Bg7 5. Nf3 O-O 6. Be3 b6 7. Bc4 Bb7 8. e5 Ng4 9. Bg1 c5 10. Qe2 cxd4 11. Bxd4 Nc6 12. O-O-O Qc8 13. Bd5 dxe5 14. fxe5 Nxd4 15. Rxd4 Nh6 16. g4 e6 17. Bxb7 Qxb7 18. Rhd1 Rfc8 19. Ne4 Qc6 20. Rd6 Qa4 21. Kb1 Nxg4 22. R6d4 Qc6 23. Nd6 1-0

[Event "Early-Titled-Tuesday-Blitz-April-16-2024"]
[Site "Chess.com"]
[Date "2024.04.16"]
[Round "4"]
[White "Zavgorodniy_Sergiy"]
[Black "WiktoriaPOL"]
[Result "1-0"]
[WhiteElo "2610"]
[BlackElo "2395"]
[TimeControl "180+1"]
[EndTime "8:38:35 PDT"]
[Termination "Zavgorodniy_Sergiy won on time"]

1. d4 Nf6 2. c4 g6 3. Nc3 Bg7 4. e4 d6 5. Be2 O-O 6. Nf3 e5 7. O-O Nc6 8. d5 Ne7 9. Ne1 Ne8 10. Be3 f5 11. f3 f4 12. Bf2 Nf6 13. c5 g5 14. a4 Ng6 15. a5 h5 16. cxd6 cxd6 17.
Nb5 g4 18. Bxa7 g3 19. Bb6 Qe7 20. Nc7 Rb8 21. Ne6 Bxe6 22. dxe6 Nh7 23. Kh1 Qh4 24.
Bg1 Ng5 25. Nd3 Nxe6 26. Re1 Nd4 27. Bf1 gxh2 28. Bf2 Qg5 29. Kxh2 Rfc8 30. Rc1 Nh4 31. Nb4 Rxc1 32. Qxc1 Nhxf3+ 33. gxf3 Nxf3+ 34. Kh1 Nxe1 35. Bxe1 Qg6 36. Qc4+ Kh8 37. Nd5 Qg4 38. Qd3 Rg8 39. Bh3 Qg6 40. Bf2 Bf8 41. Qf3 Kh7 42. Kh2 Kh6 43.
Bf5 Qg5 44. b4 h4 45. b5 Be7 46. a6 bxa6 47. bxa6 Rc8 48. a7 Bf8 49. Nb6 1-0

[Event "Early-Titled-Tuesday-Blitz-April-16-2024"]
[Site "Chess.com"]
[Date "2024.04.16"]
[Round "4"]
[White "KuzubovYuriy"]
[Black "AmanteDeMoi"]
[Result "1-0"]
[WhiteElo "2915"]
[BlackElo "2600"]
[TimeControl "180+1"]
[EndTime "8:38:37 PDT"]
[Termination "KuzubovYuriy won on time"]

1. d4 g6 2. e4 Bg7 3. Bc4 d6 4. Nf3 e6 5. O-O h6 6. e5 dxe5 7. Nxe5 Bxe5 8. dxe5 Qxd1 9. Rxd1 Nd7 10. f4 b6 11. Nc3 a6 12. a4 Bb7 13. Be2 Ne7 14. Be3 Nd5 15. Nxd5 Bxd5 16. c4 Bb7 17. a5 Ke7 18. axb6 cxb6 19. Rd6 Rhc8 20. Rad1 Bc6 21.
Bf3 Nb8 22. Bxc6 Nxc6 23. Bxb6 Rab8 24. c5 Rb7 25. Kf2 Nb4 26. Ke3 Nd5+ 27. R1xd5 exd5 28.
Kd4 Rd7 29. Kxd5 Rxd6+ 30. exd6+ Kd7 31. b4 f6 32. g4 Rc6 33. Bc7 f5 34. gxf5 gxf5 35.
h3 h5 36. h4 1-0

[Event "Early-Titled-Tuesday-Blitz-April-16-2024"]
[Site "Chess.com"]
[Date "2024.04.16"]
[Round "4"]
[White "Der_Balak_3Halak"]
[Black "Martial2008"]
[Result "0-1"]
[WhiteElo "2435"]
[BlackElo "2657"]
[TimeControl "180+1"]
[EndTime "8:38:38 PDT"]
[Termination "Martial2008 won by resignation"]

1. e4 e5 2. Nf3 Nc6 3. Bb5 g6 4. h4 Nf6 5. d3 d6 6. Bg5 h6 7. Bd2 Bg4 8. Nc3 a6 9. Bxc6+ bxc6 10. Qe2 Bg7 11. Nd1 Qd7 12. Ne3 Bh5 13. Rg1 Ng4 14. O-O-O Nxe3 15. Qxe3 Bg4 16. Rdf1 c5 17. Nh2 Be6 18.
b3 a5 19. Bc3 a4 20. g4 axb3 21. axb3 Qb5 22. Kd2 Ra2 23. Ra1 Bxb3 24. Rxa2 Bxa2 25.
Ra1 Be6 26. Ra8+ Kd7 27. Rxh8 Bxh8 28. Qxh6 Bf6 29. h5 c4 30. hxg6 fxg6 31. Qxg6 Be7 32. Nf3 cxd3 33. cxd3 Qa4 34. Ng5 Qa2+ 35. Ke3 Bb3 36.
Qf5+ Kd8 37. Nh7 Bd1 38. Bd2 Qa7+ 0-1

[Event "Early-Titled-Tuesday-Blitz-April-16-2024"]
[Site "Chess.com"]
[Date "2024.04.16"]
[Round "4"]
[White "MrChampion_Coach"]
[Black "H3nriqueTV"]
[Result "1-0"]
[WhiteElo "2570"]
[BlackElo "2303"]
[TimeControl "180+1"]
[EndTime "8:38:40 PDT"]
[Termination "MrChampion_Coach won by resignation"]

1. e4 c5 2. Nf3 d6 3. d4 cxd4 4. Nxd4 Nf6 5. Nc3 Nc6 6. Bg5 e6 7. Qd2 a6 8. O-O-O h6 9. Be3 Bd7 10. f3 Rc8 11. Kb1 b5 12. Nxc6 Bxc6 13. Ne2 Qc7 14. g4 d5 15. e5 Nd7 16. f4 Bc5 17.
Nd4 Bb7 18. Rg1 g5 19. f5 Nxe5 20. fxe6 Bxd4 21. Bxd4 Nf3 22. exf7+ Kxf7 23. Qf2 Qf4 24. Bxh8 Nxg1 25. Qxg1 Rxh8 26. Bxb5 Kg7 27. Rf1 Qd2 28. Bd3 Re8 29. a3 Re3 30. Rd1 Qa5 31. Qxe3 1-0

[Event "Early-Titled-Tuesday-Blitz-April-16-2024"]
[Site "Chess.com"]
[Date "2024.04.16"]
[Round "4"]
[White "Nitzan_Steinberg"]
[Black "Vahe_Danielyan"]
[Result "1-0"]
[WhiteElo "2898"]
[BlackElo "2607"]
[TimeControl "180+1"]
[EndTime "8:38:42 PDT"]
[Termination "Nitzan_Steinberg won by resignation"]

1. e4 c5 2. Nf3 d6 3. d4 cxd4 4. Nxd4 Nf6 5. Nc3 a6 6. h4 Nc6 7.
Be3 e5 8. Nb3 Be6 9. Nd5 Bxd5 10.
exd5 Ne7 11. c4 b5 12. cxb5 Nexd5 13. bxa6 Nxe3 14. Bb5+ Ke7 15. fxe3 Qb6 16. Qd3 g6 17. Rc1 Bh6 18. Rc6 Qxe3+ 19. Qxe3 Bxe3 20. Rc7+ Ke6 21. Ke2 Ba7 22. Rf1 Rhc8 23. Rfc1 Rxc7 24. Rxc7 d5 25.
Bc6 Bb6 26. Bxa8 Bxc7 27. a7 1-0

[Event "Early-Titled-Tuesday-Blitz-April-16-2024"]
[Site "Chess.com"]
[Date "2024.04.16"]
[Round "4"]
[White "Pedrada88"]
[Black "MikhailBLR"]
[Result "1-0"]
[WhiteElo "2581"]
[BlackElo "2329"]
[TimeControl "180+1"]
[EndTime "8:38:43 PDT"]
[Termination "Pedrada88 won by resignation"]

1. Nf3 Nf6 2. g3 d5 3. Bg2 Bg4 4. d3 Bxf3 5. Bxf3 e6 6. a4 a5 7. O-O Be7 8. e4 O-O 9. e5 Nfd7 10. d4 c5 11. c3 Nc6 12. Na3 cxd4 13. cxd4 Qb6 14.
Nb5 Rfc8 15. Be3 Nb4 16. Rc1 f6 17. h4 fxe5 18. dxe5 Qd8 19. Bg4 Nf8 20. Qf3 Rxc1 21. Rxc1 Rc8 22. Rxc8 Qxc8 23. Nd6 Bxd6 24. exd6 Qd7 25.
Bf4 d4 26. Be5 d3 27. h5 Nc6 28. Bf4 Nb4 29. Qe4 Nd5 30. Qxd5 exd5 31. Bxd7 Nxd7 32. Kf1 Kf7 33. Ke1 Ke6 34. Kd2 Nc5 35. Be3 Nxa4 36. Bd4 g6 37. hxg6 hxg6 38. b3 b5 39. bxa4 bxa4 40.
Bc5 1-0

[Event "Early-Titled-Tuesday-Blitz-April-16-2024"]
[Site "Chess.com"]
[Date "2024.04.16"]
[Round "4"]
[White "milovichalex"]
[Black "Savagelittlemole"]
[Result "1-0"]
[WhiteElo "2359"]
[BlackElo "2505"]
[TimeControl "180+1"]
[EndTime "8:38:43 PDT"]
[Termination "milovichalex won by resignation"]

1. e4 c5 2. Nf3 d6 3. d4 cxd4 4. Nxd4 Nf6 5. Nc3 a6 6. h3 Nc6 7. Nxc6 bxc6 8. Bc4 g6 9. e5 d5 10. exf6 dxc4 11. Qe2 Be6 12. fxe7 Qxe7 13. Ne4 h6 14. Bf4 Rd8 15. Be5 f6 16. Bxf6 Qh7 17.
Bxd8 Kxd8 18. O-O-O+ Kc8 19. Nc5 Bd5 20. Qe8+ Kc7 21.
Ne6+ Bxe6 22. Qxe6 Bc5 23. Qxc4 Qe7 24. Rhe1 Qg5+ 25. f4 Qf5 26. g4 Qf8 27. Re6 Rh7 28. Qe4 Kb8 29. Re8+ 1-0

[Event "Early-Titled-Tuesday-Blitz-April-16-2024"]
[Site "Chess.com"]
[Date "2024.04.16"]
[Round "4"]
[White "Kiborg95"]
[Black "NovoselovRoman"]
[Result "1-0"]
[WhiteElo "2853"]
[BlackElo "2594"]
[TimeControl "180+1"]
[EndTime "8:38:44 PDT"]
[Termination "Kiborg95 won by resignation"]

1. e4 c5 2. Nc3 d6 3. f4 Nc6 4. Nf3 g6 5. Bb5 Bg7 6. d3 e6 7.
Bxc6+ bxc6 8. O-O Ne7 9. Qe1 O-O 10. e5 d5 11. b3 c4 12. Na4 cxd3 13. cxd3 f6 14. Ba3 fxe5 15. Nxe5 Ba6 16. Nc5 Bc8 17. Rc1 g5 18. fxg5 Rxf1+ 19. Kxf1 Nf5 20. Nf3 e5 21.
Kg1 Qe8 22. Bb2 d4 23. Ne4 Ba6 24. Nf6+ Bxf6 25. gxf6 Qg6 26. Nxe5 Qg5 27. f7+ Kg7 28.
Nf3 Qf6 29. Qe8 Rd8 30. Ba3 Nd6 31. Bxd6 Rxd6 32. Qg8+ Kh6 33. f8=Q+ 1-0

[Event "Early-Titled-Tuesday-Blitz-April-16-2024"]
[Site "Chess.com"]
[Date "2024.04.16"]
[Round "4"]
[White "NikitaShnadrygin"]
[Black "Pelusiansky"]
[Result "1-0"]
[WhiteElo "2737"]
[BlackElo "2541"]
[TimeControl "180+1"]
[EndTime "8:38:45 PDT"]
[Termination "NikitaShnadrygin won by resignation"]

1. e4 e5 2. Nf3 Nc6 3. Bb5 a6 4. Ba4 Nge7 5. c3 g6 6. d4 Bg7 7. d5 b5 8. Bc2 Na5 9. a4 Bb7 10.
Nbd2 O-O 11. O-O c6 12. b4 Nc4 13. Nxc4 bxc4 14. d6 Nc8 15. Be3 f5 16. Bc5 fxe4 17. Bxe4 Nb6 18. Qe2 Nd5 19. Qxc4 Kh8 20. Rfe1 a5 21. b5 Rf4 22. Qd3 Rxe4 23. Rxe4 cxb5 24. Rxe5 Nf4 25. Qe3 Bxf3 26. Qxf4 Qg8 27. gxf3 Rf8 28. Qe3 b4 29. Bd4 1-0

[Event "Early-Titled-Tuesday-Blitz-April-16-2024"]
[Site "Chess.com"]
[Date "2024.04.16"]
[Round "4"]
[White "ilya2700"]
[Black "kacperkarwowski"]
[Result "0-1"]
[WhiteElo "2312"]
[BlackElo "2518"]
[TimeControl "180+1"]
[EndTime "8:38:47 PDT"]
[Termination "kacperkarwowski won on time"]

1. e4 e5 2. Nf3 Nf6 3. Nc3 Nc6 4. Bc4 Bc5 5. d3 h6 6. Be3 d6 7.
h3 O-O 8. O-O Be6 9. Bb3 Bb6 10.
Qd2 Kh8 11. Bxh6 gxh6 12. Qxh6+ Nh7 13. Bxe6 fxe6 14. Qxe6 Qf6 15. Qxf6+ Rxf6 16. Nd5 Rf7 17. c3 Ne7 18. Nxb6 axb6 19. d4 Ng6 20. Rad1 Re8 21. dxe5 Nxe5 22. Nxe5 Rxe5 23. f3 Ra5 24. a3 Rb5 25. b4 Rg5 26. f4 Rg3 27. Rc1 Rfg7 28. Rf2 Nf6 29. e5 Ne4 30. Rfc2 Rxh3 31. exd6 Nxd6 32. Re1 Rhg3 33. c4 Nf5 34. c5 Nd4 35.
Rd2 Nf3+ 36. Kf2 Nxd2 37. cxb6 Rxg2+ 38. Ke3 Nc4+ 39. Kd4 Nxb6 40. Kc5 Rf2 41. a4 Rxf4 42. a5 Rg5+ 0-1

[Event "Early-Titled-Tuesday-Blitz-April-16-2024"]
[Site "Chess.com"]
[Date "2024.04.16"]
[Round "4"]
[White "Burgsvik"]
[Black "Juicy_Fork"]
[Result "1-0"]
[WhiteElo "2245"]
[BlackElo "2499"]
[TimeControl "180+1"]
[EndTime "8:38:47 PDT"]
[Termination "Burgsvik won by checkmate"]

1. e4 e5 2. Nf3 Nc6 3. d4 exd4 4. Bb5 Bc5 5. O-O Nf6 6. e5 Nd5 7. c4 Nb6 8. a3 a5 9. Nbd2 O-O 10. Ne4 Be7 11. Nxd4 Nxe5 12. Nf5 Nbxc4 13. f4 d5 14.
fxe5 Bxf5 15. Rxf5 Qc8 16. Rf1 Nxe5 17. Ng5 c6 18.
Bd3 Nxd3 19. Qxd3 Bxg5 20. Bxg5 Qg4 21. Be7 Rfe8 22. Rae1 Qd7 23. Bc5 h6 24. Qg3 g6 25.
Qf4 h5 26. Bd4 Kh7 27. Qf6 Rg8 28. Qxf7+ Qxf7 29. Rxf7+ Kh6 30. Re6 c5 31. Be3# 1-0

[Event "Early-Titled-Tuesday-Blitz-April-16-2024"]
[Site "Chess.com"]
[Date "2024.04.16"]
[Round "4"]
[White "VerdeNotte"]
[Black "ozates"]
[Result "1-0"]
[WhiteElo "2874"]
[BlackElo "2533"]
[TimeControl "180+1"]
[EndTime "8:38:48 PDT"]
[Termination "VerdeNotte won on time"]

1. a3 e5 2. c4 Nf6 3. b4 d5 4. cxd5 Nxd5 5. Bb2 Bd6 6. Nf3 O-O 7. Nxe5 Re8 8. d4 Nc6 9. Nxc6 bxc6 10. Nc3 Nf4 11. e3 Qg5 12. g3 Bg4 13. gxf4 Bxf4 14. Be2 Bxe3 15. fxe3 Rxe3 16. Qd2 Bxe2 17. Nxe2 Qe7 18.
Bc1 Re6 19. Kd1 Re8 20. Nc3 Qh4 21. Kc2 Rd6 22. Rd1 Red8 23. Bb2 h6 24. Rac1 Rxd4 25. Qe2 1-0

[Event "Early-Titled-Tuesday-Blitz-April-16-2024"]
[Site "Chess.com"]
[Date "2024.04.16"]
[Round "4"]
[White "Nimrod_Veinberg"]
[Black "TigrVShlyape"]
[Result "1/2-1/2"]
[WhiteElo "2709"]
[BlackElo "2939"]
[TimeControl "180+1"]
[EndTime "8:38:49 PDT"]
[Termination "Game drawn by repetition"]

1. e4 e5 2. Nf3 Nc6 3. Bb5 Nf6 4. O-O Nxe4 5. Re1 Nd6 6. Nxe5 Be7 7. Bf1 Nxe5 8.
Rxe5 O-O 9. Nc3 Bf6 10. Re1 b6 11. Nd5 Bb7 12. Nxf6+ Qxf6 13. d4 Rfe8 14. c3 Re6 15. Rxe6 fxe6 16. f3 a5 17. Qe1 Rf8 18. Be3 Qg6 19. Qg3 Qc2 20. Qf2 Qg6 21. Qg3 Qc2 22. Qf2 Qf5 23. Rd1 a4 24. Bd3 Qf6 25. Qg3 h6 26. a3 Bd5 27. Re1 Kh8 28. Bc1 Kg8 29.
h4 b5 30. h5 Kh8 31. Qg4 Kg8 32.
Qg3 Kh8 33. Qg4 Kg8 34. Qg3 1/2-1/2

[Event "Early-Titled-Tuesday-Blitz-April-16-2024"]
[Site "Chess.com"]
[Date "2024.04.16"]
[Round "4"]
[White "Evgeny81"]
[Black "Mackster23"]
[Result "1-0"]
[WhiteElo "2778"]
[BlackElo "2560"]
[TimeControl "180+1"]
[EndTime "8:38:50 PDT"]
[Termination "Evgeny81 won on time"]

1. e4 c6 2. d4 d5 3. Nd2 dxe4 4.
Nxe4 Nf6 5. Nxf6+ exf6 6. c4 Na6 7. Nf3 Nc7 8. Bd3 Bb4+ 9. Bd2 Qe7+ 10. Qe2 Qxe2+ 11. Kxe2 Bxd2 12. Kxd2 O-O 13. Kc3 Bg4 14. Nd2 Rad8 15. Rhe1 Ne6 16. h3 Bh5 17. Nb3 Nf4 18. Bf1 Rfe8 19. g3 Ne6 20. f4 f5 21. Re5 Bg6 22.
Rae1 Kf8 23. Bg2 Nc7 24. Nc5 b6 25. Nb7 Rxe5 26. fxe5 Rb8 27. Bxc6 Ke7 28. d5 Na6 29. b4 f6 30. exf6+ Kxf6 31. Re6+ Kg5 32. Re7 Kf6 33. d6 h5 34. h4 Bh7 35. a3 Bg8 36. Bb5 1-0

[Event "Early-Titled-Tuesday-Blitz-April-16-2024"]
[Site "Chess.com"]
[Date "2024.04.16"]
[Round "4"]
[White "Harry_Rakkel"]
[Black "HaryKane"]
[Result "1-0"]
[WhiteElo "2742"]
[BlackElo "2545"]
[TimeControl "180+1"]
[EndTime "8:38:50 PDT"]
[Termination "Harry_Rakkel won by resignation"]

1. e4 e5 2. Nf3 Nc6 3. Bc4 Bc5 4. O-O Nf6 5. d3 Bb6 6. c3 d6 7. b4 h6 8. Nbd2 g5 9. a4 a5 10.
b5 Ne7 11. Qb3 O-O 12. d4 Ng6 13. dxe5 dxe5 14. Ba3 g4 15. Bxf8 Qxf8 16. Ne1 Kg7 17.
g3 h5 18. Ng2 Nh7 19. Kh1 Ng5 20. f4 gxf3 21. Nxf3 Nxe4 22. Nfh4 Nf2+ 23. Rxf2 Bxf2 24.
Rf1 Qc5 25. Nxg6 fxg6 26. Bg8 Bf5 27. Qf7+ Kh6 28. h4 Rxg8 29. Qxg8 1-0

[Event "Early-Titled-Tuesday-Blitz-April-16-2024"]
[Site "Chess.com"]
[Date "2024.04.16"]
[Round "4"]
[White "Vse_po_kaify"]
[Black "Durarbayli"]
[Result "0-1"]
[WhiteElo "2592"]
[BlackElo "2871"]
[TimeControl "180+1"]
[EndTime "8:38:51 PDT"]
[Termination "Durarbayli won by resignation"]

1. e4 c5 2. c4 Nc6 3. Nc3 g6 4. g3 Bg7 5. d3 e6 6. Bg2 Nge7 7. Nge2 O-O 8. O-O d6 9. f4 a6 10. h3 Rb8 11. Rb1 b5 12. b3 Nd4 13. Be3 f5 14. Qd2 Bd7 15. Kh2 b4 16. Nd1 a5 17. g4 Nec6 18. Ng3 fxg4 19. hxg4 Qh4+ 20. Bh3 Ne5 21. fxe5 Rxf1 22. Bxd4 Rf3 23. Qg2 Rxd3 24. Bf2 Bxe5 25. Ne3 Rf8 26. Rd1 Rc3 27. Rd2 Bc6 28.
Nf1 Rcf3 29. Kh1 R8f4 30. Re2 Rxf2 31. Rxf2 Rxf2 32. Qxf2 Qxh3+ 33. Kg1 Bd4 34. Ne3 Bxe4 35. Nxe4 Bxe3 36. Nf6+ Kh8 0-1

[Event "Early-Titled-Tuesday-Blitz-April-16-2024"]
[Site "Chess.com"]
[Date "2024.04.16"]
[Round "4"]
[White "DenLaz"]
[Black "Iskusnyh"]
[Result "1-0"]
[WhiteElo "3107"]
[BlackElo "2613"]
[TimeControl "180+1"]
[EndTime "8:38:52 PDT"]
[Termination "DenLaz won by resignation"]

1. d4 d5 2. c4 c6 3. Nf3 Nf6 4. Qc2 dxc4 5. Qxc4 Bf5 6. g3 e6 7. Bg2 Be7 8. O-O Nbd7 9. Qb3 Qb6 10. Nbd2 O-O 11. Nc4 Qa6 12. Bf4 Be4 13. Bd6 Bd5 14.
Bxe7 Bxc4 15. Qc2 Bxe2 16. Bxf8 Rxf8 17. Rfe1 Bc4 18. Ne5 Bd5 19. Nxd7 Nxd7 20. Bxd5 cxd5 21. Rac1 Nf6 22. b3 h5 23. Kg2 g6 24. Qe2 Qb6 25.
Qd3 Ne4 26. Rc2 Kg7 27. Rec1 Nd6 28. Rc5 Nf5 29. Qe2 Ne7 30. Qe5+ Kg8 31. Qc7 Nc6 32.
Qxb6 axb6 33. Rb5 Ra8 34. Rxb6 Rxa2 35. Rxb7 Nxd4 36. Rcc7 Nf5 37. Rxf7 g5 38. Rfd7 Ra8 39. h3 g4 40. hxg4 hxg4 41. Rb4 Kf8 42. Rxg4 Ra2 43.
Rf4 Ke8 44. Rh7 d4 45. Re4 Ne3+ 46. Kf3 Nd1 47. Rxe6+ Kd8 48. Rd6+ Ke8 49. Rh2 Rd2 50. Ra6 Kd7 51. Rh7+ 1-0

[Event "Early-Titled-Tuesday-Blitz-April-16-2024"]
[Site "Chess.com"]
[Date "2024.04.16"]
[Round "4"]
[White "The_Sherman_Variation"]
[Black "lioni26"]
[Result "0-1"]
[WhiteElo "2705"]
[BlackElo "2556"]
[TimeControl "180+1"]
[EndTime "8:38:52 PDT"]
[Termination "lioni26 won by resignation"]

1. e4 c5 2. Nc3 Nc6 3. f4 g6 4. d3 Bg7 5. Nf3 d6 6. g3 Nf6 7. Bg2 O-O 8. O-O Rb8 9. a4 a6 10. h3 b5 11. axb5 axb5 12. Be3 b4 13.
Ne2 Nd7 14. Rb1 b3 15. c3 Ba6 16. g4 e6 17. Ng3 Re8 18. f5 exf5 19. gxf5 Nde5 20.
Ne1 Qh4 21. Bf2 Qg5 22. Qe2 d5 23. Kh2 d4 24. c4 Bb7 25. Rh1 Ra8 26. h4 Qf4 27.
Kg1 Ra2 28. Nf1 Qg4 29. Qd2 Nb4 30. Nh2 Qh5 31. Nhf3 Nbxd3 32. Kf1 Nxf2 33. Qxf2 Ng4 34. Qg3 Ne3+ 35. Kg1 Nxg2 36. Kxg2 Rxe4 37. Rf1 Rg4 0-1

[Event "Early-Titled-Tuesday-Blitz-April-16-2024"]
[Site "Chess.com"]
[Date "2024.04.16"]
[Round "4"]
[White "PositionalPanther"]
[Black "DarZay"]
[Result "1-0"]
[WhiteElo "2522"]
[BlackElo "2328"]
[TimeControl "180+1"]
[EndTime "8:38:52 PDT"]
[Termination "PositionalPanther won by resignation"]

1. e4 c5 2. Ke2 Nc6 3. Ke1 Nf6 4. d3 d5 5. Nc3 d4 6. Nce2 e5 7. a4 Be6 8. g3 c4 9. dxc4 Nxe4 10. Bg2 Bb4+ 11.
Kf1 Nc5 12. b3 O-O 13. Bd2 Bxd2 14. Qxd2 f5 15. Nf3 Ne4 16. Qe1 a5 17. Rd1 Nb4 18.
Nfxd4 exd4 19. Nxd4 Qb6 20. f3 Rad8 21. c3 Rxd4 22.
cxd4 Nc2 23. Qe2 Nxd4 24. Qe3 Qxb3 25. Qxb3 Nxb3 26. fxe4 fxe4+ 27. Ke2 Bxc4+ 28. Ke3 Nc5 29. Rc1 Bd3 30. Rxc5 1-0

[Event "Early-Titled-Tuesday-Blitz-April-16-2024"]
[Site "Chess.com"]
[Date "2024.04.16"]
[Round "4"]
[White "mokerslag"]
[Black "bubeliang"]
[Result "0-1"]
[WhiteElo "2509"]
[BlackElo "2776"]
[TimeControl "180+1"]
[EndTime "8:38:53 PDT"]
[Termination "bubeliang won on time"]

1. e4 c6 2. d4 d5 3. e5 c5 4.
dxc5 e6 5. Be3 Nd7 6. Bb5 Ne7 7. Nf3 a6 8. Ba4 Qa5+ 9. Nc3 Nf5 10. Bxd7+ Bxd7 11. Bd4 Nxd4 12. Nxd4 Qxc5 13. O-O Qc7 14. Qe2 Bc5 15. Rad1 O-O 16. Kh1 f6 17. exf6 Rxf6 18.
Nf3 Raf8 19. Nb1 Qf4 20. c4 Bc6 21. Ne5 Bd6 22. Ng4 Rh6 23. Nxh6+ Qxh6 24. h3 d4 25. Kg1 Qf4 26. g3 Qh6 27. Rfe1 e5 28. Nd2 Qxh3 29. Ne4 Bb8 30. b4 b6 31. b5 Ba8 32. bxa6 Rf5 33. Qf1 Qg4 34. c5 bxc5 35. Qc4+ Kh8 36. Qe6 Qf3 37. Qe8+ Rf8 38. Qe6 Bxe4 39.
Rxe4 Qxe4 40. Rb1 Qxb1+ 0-1

[Event "Early-Titled-Tuesday-Blitz-April-16-2024"]
[Site "Chess.com"]
[Date "2024.04.16"]
[Round "4"]
[White "GrotBchess"]
[Black "bescmelasti"]
[Result "0-1"]
[WhiteElo "2454"]
[BlackElo "2649"]
[TimeControl "180+1"]
[EndTime "8:38:53 PDT"]
[Termination "bescmelasti won by checkmate"]

1. e4 e5 2. Nf3 Nc6 3. c3 d5 4.
Qa4 f6 5. d3 Ne7 6. Nbd2 Bd7 7.
Qc2 Be6 8. Be2 Ng6 9. Nf1 a5 10. a4 Bc5 11. Be3 Bxe3 12. fxe3 dxe4 13. dxe4 Qe7 14. Ng3 Qc5 15. Qc1 O-O 16. O-O Nf4 17.
Rf2 Nxe2+ 18. Rxe2 Rfd8 19. Nh4 Rd3 20. Nhf5 Rad8 21. Qe1 g6 22. Nh4 Bb3 23. Qf2 Kg7 24. Rf1 Qf8 25. Nf3 Bxa4 26. h4 h5 27. Ne1 Rd1 28.
Qf3 Bb5 29. Ref2 Bxf1 30. Rxf1 a4 31. Ne2 Na5 32. g4 Nc4 33. gxh5 Nd2 34. Qg4 Nxf1 35.
Qxg6+ Kh8 36. Kxf1 Qg7 37. Ng3 Rg8 38. Qxg7+ Rxg7 39. Nf5 Rg4 40. Ke2 Rb1 41. Nf3 Rxb2+ 42. Kd3 a3 43. h6 a2 44. h5 a1=Q 45. N3h4 Qf1# 0-1

[Event "Early-Titled-Tuesday-Blitz-April-16-2024"]
[Site "Chess.com"]
[Date "2024.04.16"]
[Round "4"]
[White "AlphaGoosee"]
[Black "MatthewG-p4p"]
[Result "0-1"]
[WhiteElo "2584"]
[BlackElo "2859"]
[TimeControl "180+1"]
[EndTime "8:38:55 PDT"]
[Termination "MatthewG-p4p won by checkmate"]

1. e4 e6 2. d4 d5 3. Nc3 Bb4 4. e5 Ne7 5. a3 Bxc3+ 6. bxc3 c5 7. Qg4 cxd4 8. Qxg7 Rg8 9. Qxh7 Qc7 10. Ne2 Nbc6 11. f4 Bd7 12. h4 dxc3 13. h5 d4 14. Qd3 O-O-O 15. Nxd4 Nxd4 16. Qxd4 Bb5 17. Qxa7 Bxf1 18. Rxf1 Qc4 19. Be3 Nc6 20. Qc5 Qe4 21. Rf2 Rxg2 22. Rxg2 Qxg2 23. Qxc3 Qh1+ 24. Kf2 Qh2+ 25. Kf3 Qxh5+ 26.
Kf2 Qh2+ 27. Kf3 Rg8 28. Qd2 Rg3+ 29. Ke4 Qh7+ 30. f5 Qxf5# 0-1